 Dungeon Crawl Stone Soup version 0.28-a0-1130-gc51a68064b (webtiles) character file.

Game seed: 2711340187114280801

4 vurker the Gusty (level 1, -2/14 HPs)
             Began as a Demigod Air Elementalist on Dec 12, 2021.
             Killed from afar by a dart slug (3 damage)
             ... with a slug dart
             ... on level 1 of the Dungeon.
             The game lasted 00:00:15 (36 turns).

vurker the Gusty (Demigod Air Elementalist)           Turns: 36, Time: 00:00:15

Health: -2/14      AC:  2    Str:  9    XL:     1   Next: 40%
Magic:  0/5        EV: 12    Int: 17    God:
Gold:   0          SH:  0    Dex: 14    Spells: 2/3 levels left

rFire   . . .      SeeInvis .   (no weapon)
rCold   . . .      Faith    .   (no shield)
rNeg    . . .      Spirit   .   a - +0 robe
rPois   .          Reflect  .   (no helmet)
rElec   .          Harm     .   (no cloak)
rCorr   .          Rampage  .   (no gloves)
Will    .....                   (no boots)
Stlth   ++........              (no amulet)
HPRegen 0.04/turn               (no ring)
MPRegen 0.09/turn               (no ring)

@: no status effects
A: high mp 1, forlorn, divine attributes
a: no special abilities


You were on level 1 of the Dungeon.
You visited 1 branch of the dungeon, and saw 1 of its levels.

Inventory:

Armour
 a - a +0 robe (worn)
Potions
 b - a potion of berserk rage {unknown}


   Skills:
 + Level 0.1 Fighting
 - Level 1.7 Dodging
 - Level 1.7 Stealth
 * Level 1.9 Spellcasting
 + Level 1.0 Conjurations
 * Level 2.8 Air Magic


You had 2 spell levels left.
You knew the following spells:

 Your Spells              Type           Power      Damage    Failure   Level
a - Shock                 Conj/Air       32%        1d5       9%          1

Your spell library contained the following spells:

 Spells                   Type           Power      Damage    Failure   Level
 Static Discharge         Conj/Air       8%         N/A       14%         2
 Swiftness                Air            11%        N/A       19%         3
 Airstrike                Air            5%         N/A       52%         4


Dungeon Overview and Level Annotations

Branches:
Dungeon (1/15)


Innate Abilities, Weirdness & Mutations

You have an increased reservoir of magic. (+10% MP)
You shall have no god before yourself.
Your divine heritage dramatically boosts your attributes as you level up.


Message History

A giant cockroach is nearby!
A giant cockroach is nearby!
Aim: a giant cockroach (68% to hit)
The zap hits the giant cockroach.
A giant cockroach is nearby!
Aim: a giant cockroach (severely wounded, 68% to hit)
The zap hits the giant cockroach.
You kill the giant cockroach!
A dart slug comes into view.
A dart slug is nearby!
You don't have enough magic to cast this spell.
A dart slug is nearby!
You don't have enough magic to cast this spell.
A dart slug is nearby!
You don't have enough magic to cast this spell.
A dart slug is nearby!
You don't have enough magic to cast this spell.
A quokka comes into view.
Found a robe.
You hit the quokka but do no damage. The quokka misses you.
The dart slug launches a dart at you.
The slug dart hits you but does no damage.
You hit the quokka but do no damage. The quokka misses you.
The quokka barely misses you.
You closely miss the quokka. The quokka misses you.
You hit the quokka but do no damage. The quokka bites you.
The dart slug launches a dart at you. The slug dart hits you.
You barely miss the quokka. The quokka completely misses you.
You hit the quokka. The quokka barely misses you.
The dart slug barely misses you.
You barely miss the quokka. The quokka bites you.
The dart slug bites you but does no damage.
The quokka bites you.
* * * LOW HITPOINT WARNING * * *
A giant cockroach comes into view.
Aim: a quokka (moderately wounded, 56% to hit)
The zap hits the quokka.
The quokka bites you.
* * * LOW HITPOINT WARNING * * *
The quokka bites you but does no damage.
Aim: a quokka (heavily wounded, 56% to hit)
The zap hits the quokka.
You kill the quokka!
Your Conjurations skill increases to level 1!
The dart slug launches a dart at you. The slug dart hits you.
* * * LOW HITPOINT WARNING * * *
The dart slug launches a dart at you. The slug dart hits you.
You die...

#....##(##
####..#...†.#.###
.....#.#B...B....
#.B.#........
####w#######...
##.(.....## .
##.........##
##...........##
#.......@.....#
#.............#
#.............#
.......<........
#.............#.
#.............#
#.............#
##...........##
##.........##


You could see a dart slug and a giant cockroach.

Vanquished Creatures
  A giant cockroach (D:1)
  A hobgoblin (D:1)
  A quokka (D:1)
3 creatures vanquished.

Notes
Turn   | Place    | Note
-------+----------+-------------------------------------------
     0 | D:1      | vurker the Demigod Air Elementalist began the quest for the
                  | Orb.
     0 | D:1      | Reached XP level 1. HP: 14/14 MP: 5/5
    33 | D:1      | Reached skill level 1 in Conjurations
    36 | D:1      | Killed from afar by a dart slug

Illustrated notes

Levels and vault maps discovered:
D:1:      psy_arrival_dodecagon, layout_loops_cross, item_on_display_a

Skill      XL: |  1 |
---------------+----+-----
Conjurations   | 1 |  1.0
Fighting       | |  0.1
Dodging        | |  1.7
Stealth        | |  1.7
Spellcasting   | |  1.9
Air Magic      | |  2.8

Action                   || total
-------------------------++-------
Melee: Unarmed           ||     7
 Cast: Shock             ||     7
Armor: Robe              ||     3
Dodge: Dodged            ||     7

Table legend: (Time is in decaauts)
 A = Elapsed time spent in this place.
 B = Non-inter-level travel time spent in this place.
 C = Inter-level travel time spent in this place.
 D = Time resting spent in this place.
 E = Time spent auto-exploring this place.
 F = Levels seen in this place.
 G = Mean time per level.
                   A        B        C        D        E       F      G
               +--------+--------+--------+--------+--------+-----+--------+
         Total |     36 |     36 |      0 |      0 |      8 |   1 |   36.0 |
       Dungeon |     36 |     36 |      0 |      0 |      8 |   1 |   36.0 |
               +--------+--------+--------+--------+--------+-----+--------+

Top non-repeatable levels by time:
     D:1: 36 daAuts
